General information
- name: BNet
- type: Ladder 1vs1/FFA
- host: Battle.net
- saver: therapistfinder
map: CentaurGrove
- players: 2
- length: 80:21
- speed: Fast
- version: 1.26 W3XP
- replay type: Public
» download(211 KB)
Players
team 1 (loser)
The_Shambler (
blue | 34 APM | 2741 actions | 80:20)
5 Crypt Lord
2 Carrion Beetles
3 Impale
» actions
| Assign group hotkey | 43 | |
| Basic commands | 57 | |
| Build / train | 103 | |
| ESC pressed | 4 | |
| Enter build submenu | 33 | |
| Enter hero's abilities submenu | 4 | |
| Give item / drop item | 5 | |
| Right click | 1454 | |
| Select / deselect | 600 | |
| Select group hotkey | 304 | |
| Use ability | 134 | |
2741 total
» units
| Acolyte | 26 | |
| Ghoul | 5 | |
| Crypt Fiend | 7 | |
| Razormane Medicine Man | 1 | |
| Abomination | 6 | |
| Obsidian Statue | 4 | |
| Meatwagon | 8 | |
| Gargoyle | 4 | |
| Frost Wyrm | 6 | |
| Goblin Zeppelin | 1 | |
68 total
» upgrades
| Cannibalize | 1 | |
| Disease Cloud | 1 | |
| Web | 1 | |
| Unholy Strength | 3 | |
| Unholy Armor | 3 | |
| Burrow | 1 | |
| Freezing Breath | 1 | |
| Creature Attack | 3 | |
| Creature Carapace | 3 | |
| Stone Form | 1 | |
18 total
» buildings
| Altar of Darkness | 1 | |
| Crypt | 2 | |
| Ziggurat | 18 | |
| Tomb of Relics | 1 | |
| Halls of the Dead | 1 | |
| Graveyard | 2 | |
| Nerubian Tower | 2 | |
| Black Citadel | 1 | |
| Slaughterhouse | 2 | |
| Spirit Tower | 3 | |
| Sacrificial Pit | 1 | |
| Boneyard | 2 | |
36 total
» build order
00:13 Altar of Darkness
00:16 Crypt
00:22 Ziggurat
01:48 Ziggurat
02:28 Crypt
02:40 Tomb of Relics
03:58 Halls of the Dead
04:03 Graveyard
04:22 Ziggurat
05:17 Nerubian Tower
07:52 Black Citadel
08:04 Ziggurat
08:06 Ziggurat
10:24 Slaughterhouse
10:27 Slaughterhouse
11:33 Ziggurat
11:37 Ziggurat
11:40 Ziggurat
12:33 Spirit Tower
12:36 Spirit Tower
12:38 Nerubian Tower
15:08 Ziggurat
16:02 Spirit Tower
24:40 Ziggurat
24:44 Ziggurat
24:47 Ziggurat
33:13 Sacrificial Pit
33:38 Ziggurat
33:41 Ziggurat
34:36 Boneyard
34:38 Boneyard
40:33 Graveyard
78:43 Ziggurat
78:46 Ziggurat
78:50 Ziggurat
78:52 Ziggurat
» items
| Rod of Necromancy | 1 | |
| Potion of Healing | 1 | |
| Sacrificial Skull | 1 | |
| Orb of Corruption | 1 | |
4 total
team 2 (winner)
therapistfinder (
pink | 60 APM | 4840 actions | 80:21)
6 Archmage
2 Blizzard
3 Brilliance Aura
1 Mass Teleport
6 Blood Mage
3 Flame Strike
1 Siphon Mana
1 Banish
1 Summon Phoenix
» actions
| Assign group hotkey | 55 | |
| Basic commands | 306 | |
| Build / train | 172 | |
| ESC pressed | 1 | |
| Enter build submenu | 91 | |
| Enter hero's abilities submenu | 12 | |
| Give item / drop item | 13 | |
| Remove unit from queue | 1 | |
| Right click | 2008 | |
| Select / deselect | 1091 | |
| Select group hotkey | 555 | |
| Use ability | 534 | |
4840 total
» units
| Peasant | 18 | |
| Goblin Shredder | 3 | |
| Goblin Zeppelin | 1 | |
| Sorceress | 5 | |
| Dragonhawk Rider | 9 | |
| Gryphon Rider | 5 | |
| Mortar Team | 1 | |
42 total
» upgrades
| Masonry | 3 | |
| Swords | 3 | |
| Armor | 3 | |
| Sorceress Training | 2 | |
| Animal War Training | 1 | |
| Magic Sentry | 1 | |
| Storm Hammers | 1 | |
| Cloud | 1 | |
| Gunpowder | 3 | |
| Plating | 3 | |
| Priest Training | 2 | |
| Flare | 1 | |
| Barrage | 1 | |
| Long Rifles | 1 | |
| Fragmentation Shards | 1 | |
| Flak Cannons | 1 | |
28 total
» buildings
| Altar of Kings | 2 | |
| Farm | 13 | |
| Arcane Vault | 3 | |
| Scout Tower | 120 | |
| Lumber Mill | 3 | |
| Arcane Tower | 7 | |
| Guard Tower | 46 | |
| Town Hall | 5 | |
| Keep | 2 | |
| Blacksmith | 3 | |
| Arcane Sanctum | 1 | |
| Gryphon Aviary | 4 | |
| Castle | 2 | |
| Barracks | 1 | |
| Workshop | 1 | |
| Cannon Tower | 2 | |
215 total
» build order
00:05 Altar of Kings
00:28 Farm
00:49 Arcane Vault
01:04 Scout Tower
01:08 Lumber Mill
01:54 Farm
02:20 Scout Tower
02:21 Scout Tower
02:30 Arcane Tower
02:53 Guard Tower
02:54 Guard Tower
03:15 Farm
04:12 Scout Tower
04:25 Town Hall
04:27 Scout Tower
04:28 Scout Tower
04:39 Scout Tower
04:47 Farm
04:56 Arcane Tower
04:58 Scout Tower
04:59 Scout Tower
05:01 Scout Tower
05:41 Guard Tower
05:45 Scout Tower
05:47 Scout Tower
05:50 Guard Tower
06:12 Guard Tower
06:47 Keep
06:50 Guard Tower
06:52 Scout Tower
07:32 Guard Tower
08:05 Arcane Vault
08:08 Farm
08:14 Blacksmith
08:15 Blacksmith
08:20 Guard Tower
08:47 Farm
08:49 Farm
09:14 Arcane Sanctum
09:18 Gryphon Aviary
09:19 Gryphon Aviary
09:21 Gryphon Aviary
11:08 Gryphon Aviary
11:13 Castle
11:44 Barracks
16:49 Farm
16:49 Farm
16:49 Farm
17:06 Scout Tower
17:07 Scout Tower
17:12 Scout Tower
17:13 Scout Tower
17:14 Scout Tower
17:57 Guard Tower
18:01 Guard Tower
18:49 Scout Tower
18:50 Scout Tower
18:54 Town Hall
19:12 Guard Tower
20:28 Guard Tower
20:30 Scout Tower
20:31 Scout Tower
20:32 Scout Tower
20:33 Scout Tower
22:13 Scout Tower
22:14 Scout Tower
22:14 Scout Tower
22:16 Scout Tower
22:16 Scout Tower
22:17 Scout Tower
22:43 Town Hall
22:44 Guard Tower
22:46 Scout Tower
22:47 Scout Tower
22:48 Scout Tower
22:50 Scout Tower
22:52 Scout Tower
22:54 Arcane Tower
22:55 Guard Tower
23:16 Guard Tower
23:17 Guard Tower
24:20 Arcane Tower
24:21 Guard Tower
24:53 Guard Tower
24:57 Scout Tower
25:00 Scout Tower
27:10 Arcane Tower
27:18 Workshop
28:34 Town Hall
28:43 Scout Tower
28:44 Scout Tower
28:45 Scout Tower
28:46 Scout Tower
28:47 Scout Tower
28:48 Scout Tower
28:49 Scout Tower
28:50 Scout Tower
28:52 Scout Tower
28:53 Scout Tower
29:41 Guard Tower
29:44 Scout Tower
29:47 Arcane Tower
30:15 Scout Tower
30:49 Guard Tower
30:52 Arcane Tower
30:53 Guard Tower
30:56 Scout Tower
30:57 Scout Tower
31:44 Guard Tower
32:26 Scout Tower
32:28 Scout Tower
37:00 Guard Tower
39:22 Scout Tower
39:23 Scout Tower
39:24 Scout Tower
39:56 Guard Tower
40:00 Scout Tower
40:02 Scout Tower
40:02 Scout Tower
40:21 Guard Tower
41:07 Guard Tower
41:12 Guard Tower
42:13 Guard Tower
42:22 Scout Tower
42:26 Scout Tower
42:27 Scout Tower
42:29 Scout Tower
42:30 Scout Tower
42:31 Scout Tower
42:36 Scout Tower
42:37 Scout Tower
42:39 Scout Tower
42:40 Scout Tower
42:41 Scout Tower
42:45 Scout Tower
42:45 Scout Tower
43:55 Town Hall
43:57 Guard Tower
44:36 Guard Tower
44:38 Guard Tower
44:53 Cannon Tower
45:23 Cannon Tower
45:28 Scout Tower
45:29 Scout Tower
45:30 Scout Tower
45:33 Scout Tower
45:35 Scout Tower
45:36 Scout Tower
45:37 Scout Tower
45:38 Scout Tower
45:41 Scout Tower
45:43 Scout Tower
45:44 Scout Tower
45:45 Scout Tower
45:45 Scout Tower
45:46 Scout Tower
45:48 Guard Tower
46:25 Guard Tower
46:29 Guard Tower
46:32 Guard Tower
46:35 Arcane Vault
47:05 Guard Tower
47:11 Scout Tower
47:14 Scout Tower
47:46 Guard Tower
47:48 Scout Tower
47:49 Scout Tower
48:26 Keep
48:27 Guard Tower
48:31 Scout Tower
48:31 Scout Tower
48:32 Scout Tower
48:33 Scout Tower
48:58 Scout Tower
48:59 Scout Tower
49:01 Guard Tower
49:03 Guard Tower
51:48 Altar of Kings
52:32 Guard Tower
52:58 Castle
54:21 Blacksmith
54:25 Lumber Mill
72:25 Farm
72:26 Farm
72:28 Farm
73:41 Scout Tower
73:44 Scout Tower
73:48 Scout Tower
74:37 Guard Tower
74:39 Scout Tower
74:41 Scout Tower
74:42 Scout Tower
74:44 Scout Tower
74:48 Scout Tower
74:51 Scout Tower
74:55 Scout Tower
74:56 Scout Tower
75:01 Scout Tower
75:02 Scout Tower
75:11 Guard Tower
75:42 Guard Tower
75:45 Scout Tower
75:47 Scout Tower
75:56 Scout Tower
75:57 Scout Tower
75:59 Scout Tower
76:02 Scout Tower
78:14 Guard Tower
78:30 Scout Tower
78:35 Lumber Mill
79:06 Guard Tower
79:08 Scout Tower
79:10 Scout Tower
79:11 Scout Tower
79:12 Scout Tower
» items
| Scroll of Regeneration | 4 | |
| Lesser Clarity Potion | 5 | |
| Staff of Teleportation | 2 | |
| Scroll of Town Portal | 1 | |
| Potion of Healing | 2 | |
| Ivory Tower | 3 | |
| Potion of Invisibility | 2 | |
| Periapt of Vitality | 2 | |
| Boots of Speed | 2 | |
| Potion of Lesser Invulnerability | 2 | |
| Potion of Mana | 1 | |
| Mechanical Critter | 1 | |
27 total
Chat log
(80:01 / All) The_Shambler: ill betcha you could use some gold right now
(80:19 / All) therapistfinder: yeah i wasted it all by staying in high upkeep for no reason
(80:20 / All) therapistfinder: i was about to let you take that base down